 Dungeon Crawl Stone Soup version 0.32-a0-42-ga30500b4d3 (webtiles) character file.

Game seed: 16343586044675496924

3542 IdlyInterested the Mimic (level 9, 0/65 HPs)
             Began as a Demonspawn Shapeshifter on Jan 29, 2024.
             Slain by an orc
             ... wielding a +0 flail
              (3 damage)
             ... on level 8 of the Dungeon.
             The game lasted 00:30:18 (7235 turns).

IdlyInterested the Mimic (Demonspawn Shapeshifter)  Turns: 7235, Time: 00:30:18

Health: 0/65       AC:  5    Str: 19    XL:     9   Next: 82%
Magic:  10/10      EV: 10    Int: 16    God:
Gold:   180        SH: 12    Dex: 13    Spells: 10/10 levels left

rFire   . .          .
                       - Unarmed
rCold   . . .        K - +0 tower shield
rNeg    + . .        a - melded +4 scale mail
rPois   +            (no helmet)
rElec   .            (no cloak)
rCorr   .            O - +4 pair of gloves of Defence {-Cast rN+ Will+}
SInv    .            (no boots)
Will    +....        (no amulet)
Stlth   ++           A - ring of poison resistance
HPRegen 0.30/turn    (no ring)
MPRegen 0.12/turn

%: no spellcasting, wizardry (x1)
@: maw-form
A: devouring maw, demonic guardian 1, big brain 3, weakness stinger 2
a: Begin Untransformation


You were on level 8 of the Dungeon.
You were a creature with a mouth for a stomach.
You visited 2 branches of the dungeon, and saw 9 of its levels.

You collected 458 gold pieces.
You spent 278 gold pieces at shops.

Inventory:

Hand Weapons
 t - a +0 rapier
 C - a +2 falchion of electrocution
 D - a +0 trident
 F - a +2 whip of electrocution
 I - a +0 dagger of venom
 P - a +0 hand axe of venom
 S - a +3 falchion of freezing
Missiles
 e - 49 stones (quivered)
 s - 6 javelins
 w - 8 poisoned darts
 B - a throwing net
 J - 4 curare-tipped darts
Armour
 a - a +4 scale mail (melded)
 p - a +1 pair of gloves
 K - a +0 tower shield (worn)
 O - the +4 pair of gloves of Defence (worn) {-Cast rN+ Will+}
   (You found it on level 6 of the Dungeon)

   rN+:       It protects you from negative energy.
   Will+:     It increases your willpower.
   -Cast:     It prevents spellcasting.
 Q - the +0 robe of Sin {rF++}
   (You bought it in a shop on level 6 of the Dungeon)

   rF++:      It greatly protects you from fire.
 R - a +1 leather armour of cold resistance
Magical Staves
 q - a staff of alchemy
Jewellery
 A - a ring of poison resistance (left hand)
Talismans
 c - a beast talisman
 d - a flux talisman
 r - a maw talisman (active)
Wands
 E - a wand of paralysis (21)
 L - a wand of digging (4)
 M - a wand of mindburst (10)
Scrolls
 g - 2 scrolls of enchant armour
 h - 7 scrolls of teleportation
 l - 2 scrolls of fear
 n - 2 scrolls of revelation
 o - 3 scrolls of vulnerability
 x - a scroll of poison
 y - 3 scrolls of amnesia
 z - a scroll of enchant weapon
 G - a scroll of fog
Potions
 b - 2 potions of lignification
 f - a potion of heal wounds
 i - 4 potions of might
 j - a potion of magic
 k - a potion of mutation {unknown}
 m - a potion of enlightenment
 u - 2 potions of curing
 v - 2 potions of brilliance
 H - a potion of invisibility


   Skills:
 - Level 4.0 Fighting
 - Level 1.0 Throwing
 - Level 1.0 Armour
 - Level 4.0 Dodging
 - Level 1.0 Stealth
 + Level 2.0 Shields
 - Level 4.0 Unarmed Combat
 - Level 1.0 Spellcasting
 - Level 1.0 Evocations
 * Level 10.3 Shapeshifting


You had 10 spell levels left.
You didn't know any spells.
Your spell library contained the following spells:

 Spells                   Type           Power      Damage    Failure   Level
 Dazzling Flash           Conj/Hex       0%         N/A       91%         3
 Hailstorm                Conj/Ice       0%         3d5       91%         3
 Summon Ice Beast         Ice/Summ       0%         N/A       91%         3
 Volatile Blastmotes      Fire/Tloc      0%         2d10      91%         3
 Sculpt Simulacrum        Ice/Alch       0%         N/A       100%        6
 Starburst                Conj/Fire      0%         6d3       100%        6
 Maxwell's Capacitive Co  Air            0%         ∞         100%        8


Dungeon Overview and Level Annotations

Branches:
Dungeon (8/15)             Temple (1/1) D:6
   Lair: D:8-11

Altars:
Ashenzari
Cheibriados
Dithmenos
Fedhas
Gozag
Hepliaklqana
Kikubaaqudgha
Makhleb
Nemelex Xobeh
Okawaru
Qazlal
Ru
Sif Muna
Trog
Vehumet
Wu Jian
Xom

Shops:
D:6 [(([


Innate Abilities, Weirdness & Mutations

You are a creature with a mouth for a stomach.
Your midsection houses a second, enormous mouth.
A weak demonic guardian rushes to your aid.
You have an absolutely massive brain. (Int +6, Wiz)
You have a tail ending in a sharp stinger.


Message History

The orc barely misses you.
The orc wizard hits you but does no damage.
You block the orc warrior's attack.
You hit the orc wizard. Your bite misses the orc wizard.
The orc wizard is heavily wounded.
The orc closely misses you. x2; You block the orc wizard's attack.
The orc warrior hits you with a +0 battleaxe!
A demonic guardian appears!
You hit the orc wizard. You bite the orc wizard.
You devour the orc wizard!
You feel better.
You kill the orc wizard!
You block the orc's attack.
The orc hits you with a +0 war axe of electrocution.
You are electrocuted!
The orc hits your white imp with a +0 war axe of electrocution.
You block the orc warrior's attack.
Your white imp gestures at the orc.
The puff of frost hits the orc.
You hit the orc.
You kill the orc!
The orc hits you with a +0 flail!
The orc warrior hits you with a +0 battleaxe!
* * * LOW HITPOINT WARNING * * *
A goblin comes into view.
Your white imp barely misses the orc.
The orc hits you with a +0 flail!
* * * LOW HITPOINT WARNING * * *
The orc warrior hits you with a +0 battleaxe.
* * * LOW HITPOINT WARNING * * *
You closely miss the orc. Your bite misses the orc.
The goblin throws a boomerang.
The boomerang barely misses you.
Your white imp hits the orc but does no damage.
You block the orc's attack.
The orc warrior hits you with a +0 battleaxe.
* * * LOW HITPOINT WARNING * * *
Unknown command.
You closely miss the orc. You tail-slap the orc.
The orc is heavily wounded.
Your white imp completely misses the orc.
The orc hits you with a +0 flail.
You die...

#.# #.# #.#
#.# #.#
##.####
#.....#
#oW...#
#))o..#
..>.5..#
.g.......#
##...##.###
##.# .# ##
.# ##


You could see an orc warrior, an orc (ally target), a goblin and a friendly
white imp (summoned).

Vanquished Creatures
  Pikel (D:5)
  Grinder (D:6)
  Sigmund (D:3)
  2 vampire mosquitoes (D:5)
  2 black bears
  An ice beast (D:6)
  2 centaurs
  A phantom (D:7)
  2 kobold brigands (D:7)
  3 bullfrogs
  2 scorpions (D:6)
  5 wights (D:7)
  2 howler monkeys
  3 bombardier beetles
  A jelly (D:6)
  2 orc priests
  4 hounds
  A sleepcap (D:4)
  4 iguanas
  5 orc wizards
  4 gnolls (D:4)
  6 adders
  2 shadow imps
  2 white imps
  2 ribbon worms
  5 dart slugs
  18 orcs
  8 endoplasms
  A giant cockroach (D:1)
  7 hobgoblins
  5 jackals
  4 quokkas
  3 ball pythons
  5 bats
  4 frilled lizards
  13 goblins
  13 kobolds
  7 rats
154 creatures vanquished.

Vanquished Creatures (collateral kills)
  A vampire mosquito (D:5)
  Menkaure (D:6)
  An ogre (D:5)
  A bullfrog (D:6)
  2 white imps
  2 jackals (D:5)
8 creatures vanquished.

Grand Total: 162 creatures vanquished

Notes
Turn   | Place    | Note
-------+----------+-------------------------------------------
     0 | D:1      | IdlyInterested the Demonspawn Shapeshifter began the quest
                  | for the Orb.
     0 | D:1      | Reached XP level 1. HP: 15/15 MP: 1/1
    72 | D:1      | Reached skill level 3 in Shapeshifting
   146 | D:1      | Gained mutation: You have an unusually large brain. (Int
                  | +2) [demonic ancestry]
   146 | D:1      | Reached XP level 2. HP: 21/21 MP: 2/2
   650 | D:1      | Gained mutation: You have an extremely huge brain. (Int +4)
                  | [demonic ancestry]
   650 | D:1      | Reached XP level 3. HP: 26/26 MP: 3/3
   826 | D:2      | Found a bloodstained altar of Trog.
  1310 | D:2      | Found a faded altar of an unknown god.
  1610 | D:3      | Gained mutation: A weak demonic guardian rushes to your
                  | aid. [demonic ancestry]
  1610 | D:3      | Reached XP level 4. HP: 14/33 MP: 4/4
  1618 | D:3      | Reached skill level 4 in Shapeshifting
  1711 | D:3      | Found a bloodstained altar of Trog.
  1757 | D:3      | Noticed Sigmund
  1768 | D:3      | Killed Sigmund
  1769 | D:3      | Reached skill level 1 in Throwing
  1769 | D:3      | Reached skill level 5 in Shapeshifting
  1769 | D:3      | Gained mutation: You have a small tail. [demonic ancestry]
  1769 | D:3      | Reached XP level 5. HP: 38/38 MP: 5/5
  2179 | D:4      | Noticed a black bear
  2187 | D:4      | Killed a black bear
  2188 | D:4      | Reached skill level 1 in Armour
  2188 | D:4      | Reached XP level 6. HP: 29/44 MP: 6/6
  2444 | D:4      | Found a burning altar of Makhleb.
  2576 | D:4      | Reached skill level 1 in Stealth
  2761 | D:4      | Reached skill level 6 in Shapeshifting
  2761 | D:4      | Gained mutation: You have a tail ending in a sharp stinger.
                  | [demonic ancestry]
  2761 | D:4      | Reached XP level 7. HP: 23/50 MP: 7/7
  2778 | D:4      | Reached skill level 1 in Shields
  3410 | D:4      | Reached skill level 1 in Evocations
  3472 | D:5      | Entered Level 5 of the Dungeon
  3474 | D:5      | Noticed a vampire mosquito
  3476 | D:5      | Noticed a vampire mosquito
  3478 | D:5      | Noticed a vampire mosquito
  3486 | D:5      | Killed a vampire mosquito
  3487 | D:5      | Reached skill level 1 in Spellcasting
  3491 | D:5      | Killed a vampire mosquito
  3492 | D:5      | Reached skill level 7 in Shapeshifting
  3495 | D:5      | Killed a vampire mosquito
  3496 | D:5      | Reached XP level 8. HP: 40/56 MP: 9/9
  3950 | D:5      | Noticed Pikel
  3957 | D:5      | Paralysed by Pikel for 2 turns
  3966 | D:5      | Killed Pikel
  3967 | D:5      | Reached skill level 8 in Shapeshifting
  4665 | D:6      | Noticed Menkaure
  4679 | D:6      | Killed Menkaure
  4874 | D:6      | Gained mutation: You have an absolutely massive brain. (Int
                  | +6, Wiz) [demonic ancestry]
  4874 | D:6      | Reached XP level 9. HP: 53/65 MP: 10/10
  4987 | D:6      | Found a staircase to the Ecumenical Temple.
  4991 | Temple   | Entered the Ecumenical Temple
  5112 | D:6      | Reached skill level 9 in Shapeshifting
  5438 | D:6      | Noticed Grinder
  5447 | D:6      | Paralysed by Grinder for 2 turns
  5456 | D:6      | Killed Grinder
  5576 | D:6      | Found Qyolucux's Weapon Shop.
  5743 | D:6      | Found Nyes's Antique Weapon Shop.
  5748 | D:6      | Identified the +4 pair of gloves of Defence {-Cast rN+
                  | Will+}
  5757 | D:6      | Found Veanal's Armour Boutique.
  6001 | D:6      | Found Ronitt's Antique Armour Emporium.
  6071 | D:6      | Bought a jewelled robe for 148 gold pieces
  6071 | D:6      | Identified the +0 robe of Sin {rF++} (You bought it in a
                  | shop on level 6 of the Dungeon)
  6071 | D:6      | Bought a runed leather armour for 130 gold pieces
  6122 | D:7      | Found a shimmering altar of Xom.
  6335 | D:7      | Reached skill level 10 in Shapeshifting
  6938 | D:7      | Found an ornate altar of the Wu Jian Council.
  6938 | D:7      | Found an opulent altar of Gozag.
  6939 | D:7      | Found an ancient bone altar of Kikubaaqudgha.
  6942 | D:7      | Found a hazy altar of Hepliaklqana.
  6944 | D:7      | Found an iron altar of Okawaru.
  6944 | D:7      | Found a shadowy altar of Dithmenos.
  6946 | D:7      | Found a radiant altar of Vehumet.
  7233 | D:8      | HP: 3/65 [orc warrior/+0 battleaxe (6)]
  7235 | D:8      | Slain by an orc

Illustrated notes

Levels and vault maps discovered:
D:1:      amcnicky_arrival_gap_in_the_tavern_cellar, layout_loops_ring
D:2:      layout_rooms, shapermc_ecumenical_altar_mp_vishouse, basic_altar
D:3:      layout_basic, mainiacjoe_overflow_six_doors_small, uniq_sigmund
D:4:      layout_basic, bloody_makhleb, mainiacjoe_overflow_tiny_flanked,
          nrook_mini_vaults
D:5:      layout_loops_ring, chequers_big_river, uniq_pikel
D:6:      layout_cave_pods, minmay_temple_entry_grid, serial_shops, shop,
          nicolae_shop_tiny_waterfront, shop, nicolae_lakefront_shop,
          serial_library_regret_index_small_wings,
          minmay_misc_feat_secret_circle, chequers_garden, minmay_starry_boxes,
          uniq_grinder, uniq_menkaure
D:7:      layout_cave_pools, mainiacjoe_overflow_small_starburst,
          grunt_temple_overflow_octagram
D:8:      layout_loops_corners, dpeg_oklobed_lair, enter_bailey_5, serial_shops,
          shop, minmay_misc_feat_x
Temple:   dpeg_three_leaves_temple

Skill      XL: |  1  2  3  4  5  6  7  8  9 |
---------------+----------------------------+-----
Shapeshifting  | 3 5 6 7 8 10 | 10.3
Unarmed Combat | 3 4 |  4.0
Dodging        | 2 4 |  4.0
Fighting       | 2 4 |  4.0
Throwing       | 1 |  1.0
Armour         | 1 |  1.0
Stealth        | 1 |  1.0
Shields        | 1 2 |  2.0
Evocations     | 1 |  1.0
Spellcasting   | 1 |  1.0

Action                     |  1- 3 |  4- 6 |  7- 9 || total
---------------------------+-------+-------+-------++-------
  Melee: Unarmed           |   163 |   118 |   323 ||   604
         Punch             |     2 |     2 |     2 ||     6
         Tailslap          |       |    11 |    65 ||    76
         Maw               |       |       |    21 ||    21
  Throw: Stone             |       |     2 |     6 ||     8
         Javelin           |       |     2 |       ||     2
    Use: Scroll            |       |     7 |     5 ||    12
         Potion            |       |     3 |     4 ||     7
   Stab: Distracted        |       |       |     2 ||     2
 Armour: Animal skin       |     9 |       |       ||     9
         Scale mail        |   102 |    68 |    40 ||   210
         Skin              |       |       |   130 ||   130
  Dodge: Dodged            |    78 |    68 |   209 ||   355
  Block: Tower shield      |       |       |    43 ||    43
   Form: Flux              |       |       |     1 ||     1
         Maw               |       |       |     1 ||     1

Table legend: (Time is in decaauts)
 A = Elapsed time spent in this place.
 B = Non-inter-level travel time spent in this place.
 C = Inter-level travel time spent in this place.
 D = Time resting spent in this place.
 E = Time spent auto-exploring this place.
 F = Levels seen in this place.
 G = Mean time per level.
                   A        B        C        D        E       F      G
               +--------+--------+--------+--------+--------+-----+--------+
         Total |   7230 |   6842 |    388 |   1286 |   3846 |   9 |  803.3 |
       Dungeon |   7228 |   6840 |    388 |   1286 |   3846 |   8 |  903.5 |
        Temple |      1 |      1 |      0 |      0 |      0 |   1 |    1.0 |
               +--------+--------+--------+--------+--------+-----+--------+

Top non-repeatable levels by time:
     D:6: 1492 daAuts
     D:4: 1328 daAuts
     D:5: 1179 daAuts
     D:7: 1070 daAuts
     D:1: 838 daAuts
     D:3: 671 daAuts
     D:2: 636 daAuts
     D:8: 12 daAuts
  Temple: 1 daAuts
